 Dungeon Crawl Stone Soup version 0.30.2 (webtiles) character file.

Game seed: 11471020921211217245

60 porpoise the Sneak (level 3, -3/29 HPs)
             Began as a Demonspawn Delver on Apr 13, 2024.
             Slain by a gnoll
             ... wielding a +0 whip
              (7 damage)
             ... on level 2 of the Dungeon.
             The game lasted 00:06:07 (1183 turns).

porpoise the Sneak (Demonspawn Delver)              Turns: 1183, Time: 00:06:08

Health: -3/29      AC:  7    Str: 14    XL:     3   Next: 82%
Magic:  3/3        EV: 11    Int: 11    God:
Gold:   94         SH:  0    Dex: 14    Spells: 2/2 levels left

rFire   . . .        a - +0 spear
rCold   . . .        (no shield)
rNeg    . . .        q - +0 ring mail
rPois   .            (no helmet)
rElec   .            (no cloak)
rCorr   .            (no gloves)
SInv    .            j - +0 pair of boots
Will    .....        h - amulet of the acrobat
Stlth   ++           (no ring)
HPRegen 0.24/turn    (no ring)
MPRegen 0.08/turn

%: acrobat
@: no status effects
A: rugged brown scales 1
a: no special abilities


You were on level 2 of the Dungeon.
You visited 1 branch of the dungeon, and saw 5 of its levels.

You collected 94 gold pieces.

Inventory:

Hand Weapons
 a - a +0 spear (weapon)
 b - a +0 sling
 w - a +1 dagger of draining
Armour
 j - a +0 pair of boots (worn)
 q - a +0 ring mail (worn)
Jewellery
 h - an amulet of the acrobat (around neck)
Wands
 g - a wand of digging (3)
Scrolls
 c - a scroll of fog
 d - a scroll of magic mapping
 e - a scroll of fear
 i - a scroll of poison {unknown}
 k - 2 scrolls of teleportation {unknown}
 l - a scroll of butterflies {unknown}
 o - a scroll of immolation {unknown}
 p - a scroll of noise {unknown}
 r - a scroll of identify {unknown}
 s - a scroll of enchant weapon {unknown}
 t - a scroll of torment {unknown}
 u - a scroll of amnesia {unknown}
Potions
 f - 2 potions of haste
 m - a potion of cancellation {unknown}
 n - a potion of curing {unknown}
 v - a potion of flight {unknown}


   Skills:
 + Level 3.6 Fighting
 * Level 3.3 Polearms
 - Level 1.7 Dodging
 - Level 4.5 Stealth


You had 2 spell levels left.
You didn't know any spells.
Your spell library was empty.

Dungeon Overview and Level Annotations

Branches:
Dungeon (5/15)
 Temple: D:4-7

Altars:
Ashenzari
Fedhas
Hepliaklqana
Vehumet

Annotations:
D:3 Grinder


Innate Abilities, Weirdness & Mutations

You are partially covered in rugged brown scales. (AC +1, +3% HP)


Message History

You reach to attack!
You hit the gnoll.
The gnoll is lightly wounded.
The gnoll barely misses you. The gnoll misses you.
Reach: a) +0 spear
Press: ? - help, Dir - move target, f/p - gnoll
Aim: a gnoll, wielding a +0 spear (lightly wounded, about 34% to evade your +0 spear)
The gnoll is in the way.
You hit the gnoll.
The gnoll is almost dead.
The gnoll misses you. The gnoll barely misses you.
Reach: a) +0 spear
Press: ? - help, Dir - move target, f/p - gnoll
Aim: a gnoll, wielding a +0 spear (lightly wounded, about 34% to evade your +0 spear)
The gnoll is in the way.
You hit the gnoll.
You kill the gnoll!
The gnoll hits you from afar with a +0 spear.
Reach: a) +0 spear
Press: ? - help, Dir - move target, f/p - gnoll
Aim: a gnoll, wielding a +0 spear (lightly wounded, about 34% to evade your +0 spear)
The gnoll is in the way.
You hit the gnoll.
The gnoll is lightly wounded.
The gnoll hits you with a +0 whip. The gnoll hits you but does no damage.
Reach: a) +0 spear
Press: ? - help, Dir - move target, f/p - gnoll
Aim: a gnoll, wielding a +0 spear (lightly wounded, about 34% to evade your +0 spear)
You reach to attack!
You hit the gnoll.
The gnoll is moderately wounded.
The gnoll barely misses you.
The gnoll hits you from afar with a +0 spear.
* * * LOW HITPOINT WARNING * * *
You barely miss the gnoll.
The gnoll is lightly wounded.
The gnoll hits you from afar with a +0 spear.
* * * LOW HITPOINT WARNING * * *
The gnoll barely misses you.
You hit the gnoll.
The gnoll is heavily wounded.
You hit the gnoll.
The gnoll is severely wounded.
The gnoll hits you with a +0 whip!
You die...

###### ####### ######......
#.....# ###### #.........#
#.....####....# #.#.#.#.#.#
#...........#.###.........#.
###.......#.#.#.##..#.#.#.#...
.....)..........@gg...........
###.......#.#.####g.#.#.#.#.#>
#######.....# ##.........#
#...### #.#.#.#.#... ###.#
#.........#. #..# ###.#.#####
##.# #..... #.#. .. ##...#
.... #..


You could see 3 gnolls.

Vanquished Creatures
  A gnoll (D:2)
  An adder (D:2)
  2 dart slugs
  An orc (D:3)
  8 endoplasms
  3 goblins
  3 hobgoblins
  3 jackals (D:1)
  3 kobolds
  2 ball pythons
  2 bats (D:1)
  2 frilled lizards
  5 rats
36 creatures vanquished.

Notes
Turn   | Place    | Note
-------+----------+-------------------------------------------
     0 | D:5      | porpoise the Demonspawn Delver began the quest for the Orb.
     0 | D:5      | Reached XP level 1. HP: 18/18 MP: 1/1
     9 | D:5      | Noticed an iguana
    41 | D:3      | Found a broken altar of Ashenzari.
   146 | D:3      | Found a blossoming altar of Fedhas.
   230 | D:3      | Noticed Grinder
   307 | D:3      | Found a radiant altar of Vehumet.
   313 | D:3      | Gained mutation: You are partially covered in rugged brown
                  | scales. (AC +1, +3% HP) [demonic ancestry]
   313 | D:3      | Reached XP level 2. HP: 16/24 MP: 2/2
   322 | D:3      | Found a hazy altar of Hepliaklqana.
   598 | D:1      | Reached XP level 3. HP: 29/29 MP: 3/3
  1183 | D:2      | Slain by a gnoll

Illustrated notes

Levels and vault maps discovered:
D:1:      ncdulo_lavacross, layout_rooms, minmay_misc_feat_more_columns
D:2:      layout_rooms, serial_glass, glass_columns_c, glass_columns_a,
          glass_columns_a, glass_columns_c, glass_columns_a, glass_columns_a,
          glass_columns_a, glass_columns_c, glass_columns_b, glass_columns_a
D:3:      layout_loops_corners, nicolae_vehumet_radiance,
          nicolae_hepliaklqana_hazy_memory, mainiacjoe_overflow_brackets,
          nicolae_tso_swordbearing_angel, mainiacjoe_overflow_catwalk,
          lemuel_tele_altar, minmay_strange_pillars, uniq_grinder
D:4:      layout_basic, zin_academy, cheibrodos_worm_habitat, uniq_natasha
D:5:      layout_loops_ring, gammafunk_temple_overflow_elements,
          grunt_ministairs_15

Skill      XL: |  1  2  3 |
---------------+----------+-----
Polearms       | 2 3 |  3.3
Fighting       | |  3.6
Dodging        | |  1.7
Stealth        | |  4.5

Action                     || total
---------------------------++-------
  Melee: Spear             ||   135
   Stab: Sleeping          ||     4
 Armour: Leather armour    ||    12
         Ring mail         ||    15
  Dodge: Dodged            ||    54
